 Dungeon Crawl Stone Soup version 0.27.0-1-g7a089689b8 (webtiles) character file.

Game seed: 7202880605361753953

133 Spaninq the Chopper (level 5, -8/46 HPs)
             Began as a Hill Orc Warper on Aug 5, 2021.
             Mangled by Pikel (11 damage)
             ... on level 4 of the Dungeon.
             The game lasted 00:07:06 (3590 turns).

Spaninq the Chopper (Hill Orc Warper)               Turns: 3590, Time: 00:07:06

Health: -8/46      AC:  6    Str: 15    XL:     5   Next: 16%
Magic:  7/7        EV: 10    Int: 13    God:
Gold:   967        SH:  0    Dex: 10    Spells: 7/7 levels left

rFire    . . .     SeeInvis +   a - +0 hand axe
rCold    . . .     Faith    .   (no shield)
rNeg     + . .     Spirit   .   g - +1 ring mail
rPois    .         Reflect  .   (no helmet)
rElec    .         Harm     .   (no cloak)
rCorr    .         Rampage  .   (no gloves)
Will     .....                  (no boots)
Stlth    ..........             f - amulet of the acrobat
HPRegen  0.15/turn              l - ring of positive energy
MPRegen  0.10/turn              m - ring of see invisible

@: no status effects
A: no striking features
a: no special abilities


You were on level 4 of the Dungeon.
You visited 1 branch of the dungeon, and saw 4 of its levels.
You also visited: Sewer.

You collected 967 gold pieces.

Inventory:

Hand Weapons
 a - a +0 hand axe (weapon)
Missiles
 d - 5 boomerangs of dispersal (quivered)
Armour
 g - a +1 ring mail (worn)
Jewellery
 f - an amulet of the acrobat (around neck)
 l - a ring of positive energy (left hand)
 m - a ring of see invisible (right hand)
Scrolls
 c - a scroll of blinking
 e - a scroll of amnesia
 u - 2 scrolls of teleportation
Potions
 b - a potion of berserk rage
 h - a potion of haste
 j - 2 potions of cancellation {unknown}
 n - 2 potions of curing {unknown}
 t - a potion of magic {unknown}
 v - a potion of degeneration {unknown}


   Skills:
 + Level 3.9 Fighting
 * Level 5.5 Axes
 - Level 0.8 Throwing
 - Level 1.5 Armour
 - Level 1.8 Dodging
 - Level 1.5 Spellcasting
 - Level 2.4 Translocations


You had 7 spell levels left.
You didn't know any spells.
Your spell library contained the following spells:

 Spells                   Type           Power      Damage    Failure   Level
 Blink                    Tloc           N/A        N/A       28%         2
 Gell's Gravitas          Tloc           3%         N/A       50%         3
 Lesser Beckoning         Tloc           3%         N/A       50%         3
 Teleport Other           Tloc           7%         N/A       50%         3
 Conjure Flame            Conj/Fire      1%         6-21      83%         3
 Ignite Poison            Fire/Tmut/Pois 1%         N/A       83%         3
 Sticky Flame             Conj/Fire      1%         2d3       99%         4
 Manifold Assault         Tloc           7%         N/A       99%         5


Dungeon Overview and Level Annotations

Branches:
Dungeon (4/15)             Temple (0/1) D:4           Sewer (visited)

Altars:

Annotations:
D:4 Pikel


Message History

You hit Pikel but do no damage.
Pikel is lightly wounded.
Pikel closely misses you.
You miss Pikel.
Pikel is lightly wounded.
Pikel zaps a wand.
You suddenly lose the ability to move!
Pikel says, "You'll make a fine lemure."
Pikel hits you with a +2 whip of flaming.
Pikel burns you.
Pikel says, "I'm sure they'll be treated well, anyway."
Pikel hits you but does no damage.
Pikel zaps a wand.
You resist with some effort. Pikel hits you but does no damage.
Pikel says, "You'll make a fine lemure."
Pikel hits you with a +2 whip of flaming!
Pikel burns you.
You can move again.
You aren't carrying any items that you can evoke.
You closely miss Pikel.
Pikel is lightly wounded.
Pikel hits you with a +2 whip of flaming.
* * * LOW HITPOINT WARNING * * *
Pikel burns you.
* * * LOW HITPOINT WARNING * * *
You hit Pikel but do no damage.
Pikel is lightly wounded.
Pikel barely misses you.
You slash Pikel!
Pikel is moderately wounded.
Pikel completely misses you.
You completely miss Pikel.
Pikel is moderately wounded.
Pikel hits you with a +2 whip of flaming.
* * * LOW HITPOINT WARNING * * *
Pikel burns you.
* * * LOW HITPOINT WARNING * * *
You closely miss Pikel.
Pikel is moderately wounded.
Pikel hits you with a +2 whip of flaming!
You die...

*,**** *,,,,,*
#........#
,,,,,***,,,,,*
#...wg.###
*,**,,,,,,,,,*
###.####
,,,,,***,,,,,* #w#
*,**,* *,,,,,*
###.#
*,,,,*********
#..(# ***,,,,,,,*
#.###
***,,****,*###*#.#
,,,,,****,,,..*#@#
**,,,,,**,**#.*#K#
*,,,*,**,###.##5#
**,,,,,,,#..K.55#
*,,,,,,,#.#.####
***,**,,,,,,#.*
,**,*****,,,..*
,**,*****,*###*
,**,,,,,,,*


You could see Pikel and 3 lemures.

Vanquished Creatures
  3 river rats
  6 adders
  2 worms
  2 orcs (D:3)
  7 ball pythons
  5 endoplasms
  A giant cockroach (D:2)
  A goblin (D:2)
  3 hobgoblins (D:2)
  A quokka (D:1)
  3 bats
  7 frilled lizards
  3 kobolds
  8 rats
52 creatures vanquished.

Notes
Turn   | Place    | Note
-------+----------+-------------------------------------------
     0 | D:1      | Spaninq the Hill Orc Warper began the quest for the Orb.
     0 | D:1      | Reached XP level 1. HP: 18/18 MP: 3/3
   362 | D:1      | Reached skill level 3 in Axes
   533 | D:1      | Reached XP level 2. HP: 25/25 MP: 4/4
  1438 | D:2      | Reached XP level 3. HP: 28/31 MP: 5/5
  1841 | D:3      | Reached skill level 4 in Axes
  1863 | D:3      | Reached XP level 4. HP: 26/38 MP: 6/6
  1869 | D:3      | Found a glowing drain.
  1878 | Sewer    | Entered a sewer
  2149 | Sewer    | HP: 1/38 [poisoned by an adder]
  2150 | Sewer    | Reached skill level 5 in Axes
  2973 | D:3      | Reached XP level 5. HP: 24/46 MP: 7/7
  3448 | D:3      | Found a faded altar of an unknown god.
  3518 | D:4      | Identified a scroll of acquirement
  3518 | D:4      | Acquired 857 gold pieces
  3555 | D:4      | Noticed a lemure
  3555 | D:4      | Noticed a lemure
  3556 | D:4      | Noticed a lemure
  3557 | D:4      | Noticed Pikel
  3580 | D:4      | Paralysed by Pikel for 6 turns
  3590 | D:4      | Mangled by Pikel

Illustrated notes

Levels and vault maps discovered:
D:1:      matt_arrival_debris, layout_basic
D:2:      layout_loops_cross
D:3:      layout_rooms, portal_sewer_entry_a,
          dreamdust_ecumenical_altar_hidden_monk_grotto
D:4:      layout_loops_cross, minmay_temple_entry_overgrown,
          kennysheep_generic_room_2, uniq_pikel

Skill      XL: |  1  2  3  4 |
---------------+-------------+-----
Axes           | 3 4 5 |  5.5
Fighting       | 3 |  3.9
Throwing       | |  0.8
Armour         | |  1.5
Dodging        | |  1.8
Spellcasting   | |  1.5
Translocations | |  2.4

Action                   |  1- 3 |  4- 6 || total
-------------------------+-------+-------++-------
Melee: Hand axe          |   105 |   136 ||   241
  Use: Potion            |     3 |     1 ||     4
       Scroll            |     3 |     8 ||    11
 Stab: Invisible         |       |     1 ||     1
Armor: Ring mail         |    32 |    37 ||    69
       Leather armour    |     2 |       ||     2
Dodge: Dodged            |    63 |    80 ||   143
